woodfighter, chaotic female orcish Cavewoman ----- --%..-- ------ .|.....---- |%%%%| ..... .....-- ....| ...-- ....@. -|- ------.... ..@ ------.---...-|... |..|-.........|.. .. |..-..[.......%.. | -----%....)...)--- |.............*-- |.-----.........| .. |...| --..------- .. |...| ---- ----- woodfighter the Young Cave Woman Experience level: 7 Strength: 18/02 Dexterity: 14 Constitution: 18 Intelligence: 9 Wisdom: 11 Charisma: 6 Health: 0(69) Energy: 28(28) Def: 2 Gold: 237 Moves: 2161 Dungeon seed: NDVYMheoJGIpjfhM Game ID: woodfighter_1475613173 Your Inventory: Coins $ - 237 gold pieces Amulets p - an uncursed amulet versus poison x - a cursed amulet of change Weapons a - a +1 club (weapon in hand) b - a +2 sling (alternate weapon; not wielded) V - a +0 spear Armor q - an uncursed +0 leather armor (being worn) Comestibles c - an uncursed cram ration d - an uncursed pear g - 2 uncursed cream pies i - 2 uncursed tripe rations l - an uncursed lichen corpse w - 2 uncursed food rations Scrolls f - an uncursed scroll of identify h - an uncursed scroll of remove curse k - an uncursed scroll of fire m - an uncursed scroll of scare monster s - a cursed scroll of light D - a blessed scroll of identify Potions o - an uncursed potion of water r - an uncursed potion of sleeping u - an uncursed potion of gain level I - a blessed potion of gain ability L - an uncursed potion of full healing M - a blessed potion of speed O - a blessed potion of invisibility Wands j - a wand of light (0:15) C - a wand of light (0:12) Tools y - an uncursed credit card E - 5 uncursed wax candles (0:400) F - an uncursed oil lamp (0:1341) G - a +0 pick-axe H - an uncursed towel N - 7 uncursed tallow candles (0:200) Gems e - 10 uncursed flints (in quiver) Spells and supernatural/magical abilities: Name Level Category Fail Memory W - pray for help -- divine ? -- Your skills at the end: Miscellaneous Skills bare handed combat [Basic] stealth [Basic] Weapon Skills scimitar [Basic] club [Basic] sling [Basic] Spellcasting Skills Final Attributes: You were fervently aligned. You were poison resistant. You had infravision. You were somewhat stealthy. You were fast. You are dead. Vanquished creatures: 3 watchmen a giant beetle a dwarf lord a dust vortex an ape 6 gnome lords 2 gnomish wizards a black naga hatchling 8 dwarves 6 rothes a gas spore 2 hobbits an acid blob a gecko 20 gnomes a gnome zombie 3 jackals a kobold a newt 5 sewer rats 5 grid bugs a bat 4 lichens 76 creatures vanquished. Voluntary challenges: You did not adorn yourself with jewelry or accessories. You did not cause conflict. You were not invisible. You did not have reflection. You were not displaced. You had been an atheist until turn 1876. You used a wielded weapon 123 times, starting on turn 91. You did not use tools. You did not use plumbed fixtures. You did not drink any magical draughts. You were illiterate. You never genocided any monsters. You never polymorphed an object. You never changed form. You used no wishes. You never split a pudding. You never wrote Elbereth's name. You violated your moral code, losing 9 points of alignment, starting on turn 1808. Dungeon overview: The Dungeons of Doom: levels 1 to 4 Level 1 (vault) a fountain a long staircase Level 2 (water) a fountain Level 3 some fountains Level 4 stairs to The Gnomish Mines The Gnomish Mines: levels 5 to 7 Level 5 stairs to The Dungeons of Doom Level 6 Level 7 <- You were here a delicatessen, a fountain History has recorded: On T:1 you entered the Dungeons of Doom to retrieve the Amulet of Yendor! On T:100 you reached level 2 of The Dungeons of Doom. On T:363 you advanced to experience level 2. On T:388 you reached level 3 of The Dungeons of Doom. On T:716 you advanced to experience level 3. On T:1040 you reached level 4 of The Dungeons of Doom. On T:1111 you reached level 1 of The Gnomish Mines. On T:1242 you advanced to experience level 4. On T:1299 you advanced to experience level 5. On T:1455 you reached level 2 of The Gnomish Mines. On T:1666 you advanced to experience level 6. On T:1750 you reached level 3 of The Gnomish Mines. On T:1876 you prayed to Anshar. On T:1931 you advanced to experience level 7. Score breakdown: Gold: 237 ( 23 points) Experience: 7 levels ( 600 points) Exploration: 7 levels ( 180 points) Discoveries: 21 items ( 1050 points) Variety of kills: 23 monsters ( 1150 points) Major goal: (nothing yet) ( 0 points) Survival: died (score multiplied by 3) Total score: 9009 Latest messages: You cannot drop something you are wearing. You drop a small shield. You drop a dented pot. You drop a hooded cloak. You drop a pair of padded gloves. You drop a hooded cloak. (2x) You drop a dwarvish mithril-coat. You drop a hooded cloak. You drop a hard hat. You drop a pair of hard shoes. You drop a helmet called helmet?. You drop a pair of walking shoes. You drop a small shield. You drop a helmet called helmet?. You drop a pair of padded gloves. You drop a hooded cloak. (2x) Your movements are now unencumbered. You hit Seymour! Seymour wields a silver saber! Seymour swings her silver saber at the cavewoman. Seymour hacks you! You hit Seymour! (2x) Seymour swings her silver saber at the cavewoman. Seymour slashes you! Seymour swings her silver saber at the cavewoman. Seymour hacks you! You die... Final status: Goodbye woodfighter the Cavewoman, killed by a watch captain called "Seymour"... You died in The Gnomish Mines on dungeon level 7 with 9009 points, and 237 pieces of gold, after 2161 moves. You were level 7 with a maximum of 69 hit points when you died.